AoeStats
← Juankhan

Glade

510317002Analyzed
1v1 RM · 1d ago on Sep 30, 2026· 33m 33s· 2 players
Game mode
Random Map
Map size
Tiny (2 player)
Population
200
Speed
Normal
Resources
Standard
Victory
Conquest
Starting age
Dark Age
Ending age
Imperial Age
RankedLock teamsTeams togetherTeam positionsShared explorationLock speedFull tech treeHidden civsTurbo modeCheats
Victory
Defeat
🇨🇭 Danes · Switzerland
1137
+17
🇨🇱 Romans · Chile
1162
-17
Ambition
5:27 Loom
11:22 Feudal Age
11:56 Town Watch
12:03 Double-Bit Axe
12:33 Arson
12:45 Man-at-Arms
14:56 Horse Collar
17:55 Wheelbarrow
18:14 Scale Mail Armor
18:08 Fletching
23:41 Castle Age
22:28 Gold Mining
23:07 Forging
23:48 Pikeman
23:50 Long Swordsman
24:17 Gambesons
24:32 Squires
24:56 Chain Mail Armor
24:38 Bodkin Arrow
28:27 Iron Casting
32:29 Hand Cart
Juankhan
3:05 Loom
13:04 Feudal Age
13:36 Double-Bit Axe
19:28 Gold Mining
22:15 Castle Age
20:02 Horse Collar
20:25 Man-at-Arms
21:40 Scale Mail Armor
22:20 Long Swordsman
25:22 Bow Saw
26:41 Forging
28:40 Heavy Plow
29:08 Stone Mining
30:13 Chain Mail Armor
32:04 Iron Casting
33:07 Wheelbarrow
Connection lost

Rejoining the realm…

Still unreachable

The connection could not be restored.

Session expired

The server has moved on; the page needs a fresh start.